Map: Echo LE (Void)

Players

Musumeci - Winner!

  • Race: Zerg Zerg
  • League: Diamond
  • Spawn Location: 5:00

Zyzz

  • Race: Terran Terran
  • League: Diamond
  • Spawn Location: 11:00

VOD

Have the link to the VOD?

Description

Time

  • Played on: Jan. 15, 2017, 12:55 p.m.
  • Length: 3:16
Show
View Real Time Build Order
Export as new Build Order

Musumeci Zerg - Winner!

Build Orders: Pool Only 

Get SALT Encoding   

  12  0:19  Spawning Pool  
  11  0:22  Drone  
  11  0:26  Extractor  
  11  0:29  Drone  
  12  0:36  Drone  
  13  0:44  Overlord  
  13  1:06  Roach Warren  
  13  1:08  Zergling x2  
  13  1:14  Drone  
  13  1:15  Drone  
  15  1:45  Overlord  
  15  1:46  Roach x2  
  19  1:56  Roach  
  21  2:04  Extractor  
  20  2:08  Ravager  
  20  2:13  Ravager  
  22  2:35  Ravager  
  23  2:41  Roach  
  25  3:12  Ravager  
Show
View Real Time Build Order
Export as new Build Order

Zyzz Terran 

Build Orders: Reaper Expand 

Get SALT Encoding   

  12  0:00  SCV  
  13  0:13  SCV  
  14  0:17  Supply Depot  
  14  0:25  SCV  
  15  0:39  SCV  
  15  0:40  Barracks  
  16  0:45  Refinery  
  16  0:51  SCV  
  17  1:03  SCV  
  18  1:15  SCV  
  19  1:27  Reaper  
  19  1:30  Orbital Command  
  20  1:40  Command Center  
  20  1:51  Barracks  
  20  1:55  SCV  
  21  2:04  Barracks Reactor, Refinery  
  21  2:08  SCV  
  22  2:20  SCV  
  21  2:38  Supply Depot  
  21  2:40  Bunker, Marine x2  
  23  2:44  Bunker  
  23  2:45  Supply Depot  
  23  2:51  Factory  
  22  3:00  Barracks Tech Lab  
Tags
 
Add a new tag
Caveats
  • Supply blocks, unpowered buildings, or Contaminate may cause inaccurate times.
  • Supply counts are checked every 10 seconds.